[Event "Fagernes Chess GM-Swiss 2024"]
[Site "Fagernes"]
[Date "2024.03.26"]
[Round "3.19"]
[White "Daakshin Arun"]
[Black "Puranik, Abhimanyu"]
[Result "0-1"]
[ECO "D35"]
[WhiteElo "2283"]
[BlackElo "2618"]
[Annotator "RC"]
[PlyCount "118"]
[EventDate "2024.03.25"]
[EventType "swiss"]
[EventCountry "NOR"]
[SourceTitle "playchess.com"]
[Source "ChessBase"]
[SourceQuality "1"]
[TimeControl "40/6000+30:2400+30"]

1. d4 Nf6 2. c4 e6 3. Nc3 d5 4. cxd5 exd5 5. Bg5 Bb4 6. e3 h6 7. Bh4 g5 8. Bg3 Ne4 9. a3 Bxc3+ 10. bxc3 Nc6 11. Bd3 Bf5 12. Ne2 Qe7 13. h3 O-O-O 14. Bh2 Qe6 15. O-O Nd6 16. Bxd6 Rxd6 17. Bxf5 Qxf5 18. Ng3 Qg6 19. Qf3 Ne7 20. e4 h5 21. exd5 g4 22. Qe4 Nxd5 23. Qe5 Rdd8 24. h4 Rhe8 25. Qxh5 Qxh5 26. Nxh5 Rh8 27. Ng3 Nxc3 28. h5 Rxd4 29. Rfe1 Nd5 30. Rac1 c6 31. Nf5 Rf4 32. Re5 Kd7 33. Rb1 b6 34. Ng3 f6 35. Re2 Rd4 36. Rbe1 a5 37. h6 Rf4 38. Re8 Rxh6 39. Rb8 f5 40. Re5 Rc4 41. Rb7+ Kd6 42. Nxf5+ Kxe5 43. Nxh6 b5 44. Kh2 b4 45. axb4 axb4 46. Kg3 Nf6 47. f4+ gxf3 48. gxf3 Kd4 49. Ng4 Nxg4 50. fxg4 Kc3 51. g5 Rd4 52. Rc7 Rd6 53. Kf4 b3 54. Ke5 Rd5+ 55. Kf6 b2 56. Rxc6+ Kb4 57. g6 b1=Q 58. Rb6+ Rb5 59. Rxb5+ Kxb5 0-1

[Event "Fagernes Chess GM-Swiss 2024"]
[Site "Fagernes"]
[Date "2024.03.26"]
[Round "3.20"]
[White "Moreby, James"]
[Black "Petkov, Momchil"]
[Result "1/2-1/2"]
[ECO "A13"]
[WhiteElo "2260"]
[BlackElo "2500"]
[Annotator "TA"]
[PlyCount "52"]
[EventDate "2024.03.25"]
[EventType "swiss"]
[EventCountry "NOR"]
[SourceTitle "playchess.com"]
[Source "ChessBase"]
[SourceQuality "1"]
[TimeControl "40/6000+30:2400+30"]

1. c4 e6 2. g3 d5 3. Bg2 d4 4. Nf3 Nc6 5. e3 Bc5 6. O-O Nge7 7. b3 O-O (7... e5 $142) 8. Bb2 e5 9. exd4 exd4 10. d3 Qd6 {[%emt 0:05:44] [#]} (10... a5 $11 {keeps the balance.}) 11. a3 $1 $16 {[%emt 0:07:17][%cal Ba2a3,Ba3b4][%mdl 32] Black must now prevent b4.} a5 {[%emt 0:00:15] [#]} 12. b4 $1 axb4 13. axb4 Rxa1 14. bxc5 $1 Rxb1 15. cxd6 Rxd1 16. Rxd1 cxd6 17. Nxd4 Rd8 18. Re1 Kf8 19. Nb5 {[%emt 0:09:21] White has more active pieces.} Ne5 20. Ba3 {[%emt 0:05:36] A strong pair of Bishops.} Nxd3 21. Rd1 Ne5 22. Rxd6 Rxd6 23. Nxd6 ({Much weaker is} 23. Bxd6 Nxc4 24. Bb4 Bd7 $11) 23... Be6 24. c5 ({Don't do} 24. Bxb7 Nxc4 25. Nxc4 Bxc4 $14) 24... Bd5 25. Nxb7 (25. f4 $16 Bxg2 26. Kxg2) 25... Nf3+ $14 26. Bxf3 Bxf3 {[%emt 0:00:04] Weighted Error Value: White=0.07 (flawless) /Black=0.18 (very precise) .  Mistake:       	White=1     	Black=2      Inaccurate:     	White=1     	---        OK:         	White=4     	Black=10     Best:        	White=4     	Black=3      Strong:       	White=2     	---        Brilliant:      	White=1     	---} 1/2-1/2

[Event "Fagernes Chess GM-Swiss 2024"]
[Site "Fagernes"]
[Date "2024.03.26"]
[Round "3.21"]
[White "Lindh, Fredrik"]
[Black "Mitusov, Semen"]
[Result "0-1"]
[ECO "C60"]
[WhiteElo "2256"]
[BlackElo "2487"]
[Annotator "TA"]
[PlyCount "82"]
[EventDate "2024.03.25"]
[EventType "swiss"]
[EventCountry "NOR"]
[SourceTitle "playchess.com"]
[Source "ChessBase"]
[SourceQuality "1"]
[TimeControl "40/6000+30:2400+30"]

1. e4 e5 2. Nf3 Nc6 3. Bb5 Nge7 4. Nc3 Ng6 5. d4 exd4 6. Nxd4 Nxd4 7. Qxd4 c6 8. Be2 {[%emt 0:00:06] White is slightly better.} Qb6 9. Qd3 Be7 10. O-O O-O 11. a4 d6 12. Be3 Qc7 (12... Qa5 $11) 13. f4 $14 Kh8 14. Bh5 Bd7 15. Bd4 Qa5 16. Bxg6 fxg6 17. b4 Qc7 (17... Qxb4 18. Rab1 Qa5 19. Rxb7 $16) 18. Ne2 Bf6 {[%emt 0:11:29] Black is weak on the dark squares} 19. a5 Rae8 20. Bxf6 Rxf6 21. Nc3 Be6 22. Rad1 Qf7 23. Qe3 (23. Qxd6 $2 Bg4 24. Qd4 Bxd1 $19 (24... Rxf4 25. Rxf4 Qxf4 26. Rf1 $16)) 23... Bg4 24. Rd2 a6 25. h3 Bc8 26. Rff2 h6 27. e5 Rfe6 (27... dxe5 $11 {keeps the balance.} 28. Ne4 (28. fxe5 Kh7 $11) 28... exf4) 28. Ne4 $1 $16 (28. Rxd6 $2 {too greedy.} Rxd6 29. Kh2 Rdd8 $19) 28... Qe7 29. Qd4 (29. Rxd6 $2 {is the wrong capture.} Rxd6 30. Nxd6 Qxd6 31. exd6 Rxe3 $19) (29. g4 $16) 29... dxe5 $15 30. fxe5 Rxe5 31. Nd6 Rd5 $1 32. Qf4 {[%emt 0:00:39] [#] Rxd5 would now be deadly.} Qe1+ (32... g5 $1 $15 33. Qg3 (33. Qf7 Qxf7 34. Nxf7+ Kg8 $17) 33... Qe1+ 34. Kh2 Rxd2 35. Rxd2 Qxd2 36. Nxe8 Qxb4) 33. Kh2 $11 g5 $1 34. Qf7 Qe5+ 35. g3 Rg8 (35... Rxd2 $11 36. Rxd2 Rg8) 36. Rxd5 (36. Qxd5 $1 $14 {stays ahead.} Qxd5 37. Rxd5 cxd5 38. h4 gxh4 39. gxh4) 36... cxd5 $17 37. Qc7 {[%emt 0:00:59] White wants to mate with Nf7+.} Qe3 (37... Kh7 $17 {Hoping for ...h5.} 38. Qb6 Bd7) 38. Qc5 $2 {[%emt 0:00:30] Now White is beyond hope.} ({White should play} 38. Qf7 $1 $15) 38... d4 $19 39. Kg2 {[%emt 0:00:28] [#]} (39. Rg2 Bd7 40. Nf5 Bxf5 41. Qxf5) 39... Bxh3+ $1 40. Kxh3 Qxf2 41. Qd5 Rf8 {[%emt 0:01:03] Weighted Error Value: White=0.56/Black=0.15 (very precise) .  Loses game:     	White=1     	---        Mistake:       	White=3     	Black=5      Inaccurate:     	White=4     	---        OK:         	White=9     	Black=8      Best:        	White=2     	Black=3      Strong:       	White=1     	Black=2      Brilliant:      	---       	Black=1} 0-1

[Event "Fagernes Chess GM-Swiss 2024"]
[Site "Fagernes"]
[Date "2024.03.26"]
[Round "3.22"]
[White "Hillarp Persson, Tiger"]
[Black "Brattgjerd, Isak Vinh"]
[Result "1-0"]
[ECO "A07"]
[WhiteElo "2473"]
[BlackElo "2228"]
[Annotator "TA"]
[PlyCount "113"]
[EventDate "2024.03.25"]
[EventType "swiss"]
[EventCountry "NOR"]
[SourceTitle "playchess.com"]
[Source "ChessBase"]
[SourceQuality "1"]
[TimeControl "40/6000+30:2400+30"]

1. Nf3 d5 2. g3 Bg4 3. Bg2 Nd7 4. c4 e6 5. cxd5 exd5 6. O-O Ngf6 7. h3 Bxf3 8. exf3 Be7 9. f4 {[%emt 0:00:32] The position is equal.} O-O 10. d3 Nb6 11. Nd2 Nfd7 12. Nf3 Bd6 13. h4 Qf6 14. Bh3 Rfe8 15. Kg2 Bf8 16. Qc2 c5 17. Bd2 Qc6 18. d4 {[%emt 0:08:14] White is more active.} cxd4 19. Qxc6 bxc6 20. Nxd4 c5 21. Nb5 (21. Nc6 {simplifies} Rec8 22. Ne5 Nxe5 23. fxe5 Re8 24. f4) 21... Re2 (21... Re7 {simplifies} 22. Rfe1 Nf6 23. Rxe7 Bxe7 24. Re1 Kf8) 22. Rad1 Nf6 23. Kf3 (23. Nc7 {simplifies} Rd8 24. Rfe1 Rxe1 25. Bxe1 a5 26. b3) 23... Re7 24. b4 c4 25. Bc3 Ne4 {[%emt 0:00:57] White must now prevent ...a6.} 26. Be5 f6 (26... g6 $15) 27. Bd4 $11 Na4 {[%emt 0:05:49] Inhibits Bc5.} 28. Nc7 Rxc7 29. Be6+ Kh8 30. Bxd5 Nec3 (30... Nd2+ $11 {remains equal.} 31. Rxd2 Rd8) 31. Bxa8 $16 {[%emt 0:01:16] A strong pair of Bishops.} Nxd1 32. Rxd1 {[%emt 0:00:05] Threatens to win with Be4.} c3 33. Be4 Nb2 {[%emt 0:00:49] [#]} 34. Re1 {[%emt 0:02:28] Strongly threatening Bc2.} Rc4 (34... Bxb4 $16 {keeps fighting.} 35. Bc2 Rc8) 35. Bxa7 $18 Bxb4 36. Bf5 {[%emt 0:06:08] White threatens Re8+ and mate.} g6 37. Bc2 Kg7 (37... Bc5 $142 38. Re8+ Kg7) 38. Re4 Rc7 39. Bb6 Rc4 40. a4 f5 41. Rxc4 Nxc4 {[%emt 0:40:03][%mdl 4096] Endgame. KBB-KBN} 42. Bd4+ Kf8 43. Ke2 Ke7 44. Bb3 Nd2 (44... Na5 $142 45. Bc2 Nc4) 45. Bc2 {[%emt 0:00:00] Kd3 would now be deadly.} Nc4 $1 {[%emt 0:00:00] [#]} 46. h5 $1 Kd6 47. Bg7 Ba5 $2 (47... Kc5 {might work better.} 48. Bf8+ Nd6 49. hxg6 (49. Kd3 Kc6 $18) 49... hxg6) 48. hxg6 hxg6 49. Kd3 Nb2+ 50. Kd4 Bb6+ (50... Kc6 $142 51. Bf8 Kc7) 51. Kxc3 Nxa4+ 52. Bxa4 Bxf2 53. Bf6 Ke6 54. Bh4 (54. Bg5 $142 Kf7 55. Bh4) 54... g5 (54... Kf7 $142 55. Bb3+ Kg7) 55. Bb3+ Kd7 56. fxg5 Be1+ 57. Kd3 {[%emt 0:00:00] Weighted Error Value: White=0.32/Black=0.38.  Mistake:       	---       	Black=7      Inaccurate:     	White=5     	Black=2      OK:         	White=18    	Black=15     Best:        	White=6     	Black=3      Strong:       	---       	Black=1} 1-0

[Event "Fagernes Chess GM-Swiss 2024"]
[Site "Fagernes"]
[Date "2024.03.26"]
[Round "3.23"]
[White "Kreken, Eivind Grunt"]
[Black "Sorensen, Hampus"]
[Result "1/2-1/2"]
[ECO "A07"]
[WhiteElo "2215"]
[BlackElo "2428"]
[Annotator "RC"]
[PlyCount "113"]
[EventDate "2024.03.25"]
[EventType "swiss"]
[EventCountry "NOR"]
[SourceTitle "playchess.com"]
[Source "ChessBase"]
[SourceQuality "1"]
[TimeControl "40/6000+30:2400+30"]

1. Nf3 Nf6 2. g3 d5 3. Bg2 e6 4. O-O Be7 5. d3 a5 6. a4 O-O 7. Nc3 Nbd7 8. e4 dxe4 9. Nxe4 Nxe4 10. dxe4 e5 11. Be3 c6 12. c3 Qc7 13. Qc2 Bc5 14. Bxc5 Nxc5 15. b4 Na6 16. Rfb1 Rd8 17. Qb2 Be6 18. Bf1 Bg4 19. Be2 Qe7 20. bxa5 Qf6 21. Kg2 Nc5 22. Ne1 Bxe2 23. Qxe2 Rxa5 24. Qc4 Rda8 25. Nf3 Qe7 26. Rb4 b5 27. Qe2 Rxa4 28. Rbxa4 Rxa4 29. Rxa4 bxa4 30. Qc4 h6 31. Qb4 Qd6 32. h4 Kh7 33. h5 Qe7 34. Qa3 Qa7 35. Nxe5 Nxe4 36. Qa2 a3 37. Nc4 Qxf2+ 38. Qxf2 Nxf2 39. Nxa3 Ne4 40. Nc4 Nxc3 41. Ne5 c5 42. Nxf7 g6 43. hxg6+ Kxg6 44. Nd6 Nd5 45. g4 Nb6 46. Kf3 Nd7 47. Ke4 Kg5 48. Nf7+ Kg6 49. Nd6 Nf6+ 50. Kf4 Nd5+ 51. Ke4 Ne7 52. Ke5 Kg5 53. Nf7+ Kxg4 54. Nxh6+ Kf3 55. Nf5 c4 56. Kd4 Nxf5+ 57. Kxc4 1/2-1/2

[Event "Fagernes Chess GM-Swiss 2024"]
[Site "Fagernes"]
[Date "2024.03.26"]
[Round "3.24"]
[White "Aniruddh Chatterjee"]
[Black "Tsolakidou, Stavroula"]
[Result "0-1"]
[ECO "E20"]
[WhiteElo "2182"]
[BlackElo "2424"]
[Annotator "TA"]
[PlyCount "46"]
[EventDate "2024.03.25"]
[EventType "swiss"]
[EventCountry "NOR"]
[SourceTitle "playchess.com"]
[Source "ChessBase"]
[SourceQuality "1"]
[TimeControl "40/6000+30:2400+30"]

1. d4 Nf6 2. c4 e6 3. Nc3 Bb4 4. f3 d5 5. a3 Bd6 6. e4 c5 7. cxd5 {[%emt 0:05:46] Zielt auf e5 ab.} exd5 (7... cxd4 $1 $11 8. Qa4+ (8. Qxd4 exd5 9. exd5 O-O $11) 8... Bd7 9. Qxd4 exd5) 8. Bg5 cxd4 {[%emt 0:03:31] Weiß steht etwas besser.} 9. Nxd5 Nc6 10. Bc4 Be7 11. Nxe7 Qxe7 12. Ne2 O-O 13. Bd5 {[%emt 0:03:20] Schwarz muss nun Bxc6 beachten. Das Läuferpaar ist gut.} (13. Nxd4 Rd8 14. Be3 Qe5 15. Bxf7+ Kxf7 16. Qb3+ Kg6 $17) 13... Rd8 14. O-O h6 15. Bxf6 (15. Bh4 {mit weiteren Verwicklungen.} g5 16. Bxc6 d3 17. Nc3) 15... Qxf6 16. Qb3 Be6 17. Rad1 Rd7 18. Qc4 (18. Bxe6 $11 fxe6 19. f4) 18... Rad8 $17 19. Nxd4 (19. Bxe6 $1 $15 fxe6 (19... Qxe6 20. Qxe6 fxe6 21. Nf4 $11) 20. Ng3) 19... Bxd5 $19 20. exd5 {[%emt 0:00:05] [#]} Ne5 ({Jedoch nicht} 20... Rxd5 21. Nxc6 bxc6 (21... Rxd1 22. Nxd8 Rxd8 23. Qc7 $15) 22. Rxd5 cxd5 (22... Rxd5 23. Qc2 $11) 23. Qc2 $15) 21. Qc2 Rxd5 22. Nb3 $2 {[%emt 0:00:08] [#]} (22. f4) 22... Nxf3+ $1 23. gxf3 {[%emt 0:00:36] [#] Rxd5 ist eine echte Drohung.} Rxd1 $1 {[%emt 0:00:06] Gewichteter Fehlerwert: Weiß=0.65/Schwarz=0.09 (makellos) .  Fehler:       	Weiß=3     	Schwarz=1     Ungenau:       	Weiß=4     	Schwarz=1     OK:         	Weiß=4     	Schwarz=9     Bester:       	---       	Schwarz=1     Brilliant:      	---       	Schwarz=1} 0-1

[Event "Fagernes Chess GM-Swiss 2024"]
[Site "Fagernes"]
[Date "2024.03.26"]
[Round "3.25"]
[White "Eliseev, Sergey"]
[Black "Brynell, Stellan"]
[Result "1-0"]
[ECO "C70"]
[WhiteElo "2131"]
[BlackElo "2406"]
[Annotator "TA"]
[PlyCount "77"]
[EventDate "2024.03.25"]
[EventType "swiss"]
[EventCountry "NOR"]
[SourceTitle "playchess.com"]
[Source "ChessBase"]
[SourceQuality "1"]
[TimeControl "40/6000+30:2400+30"]

1. e4 e5 2. Nf3 Nc6 3. Bb5 a6 4. Ba4 Bc5 5. d3 Nge7 6. Bg5 h6 7. Bh4 d6 8. Nc3 {[%emt 0:18:09] The position is equal.} g5 9. Bg3 Bd7 10. h4 g4 11. Nh2 (11. Nd2 $15) 11... h5 $1 $17 12. f4 {[%emt 0:04:22] [#]} exf4 $1 13. Bxf4 {[%emt 0:00:02] [#]} Ng6 $1 14. Qd2 Nd4 (14... Nxh4 $6 15. O-O-O Ng6 16. Rdf1 $14) ({Black should try} 14... b5 $17 {[%cal Og6f4] Strongly threatening ...Nxf4!} 15. Bb3 Qxh4+ (15... Nxf4 16. Qxf4 Be6 17. Bd5 $11) 16. g3 Qh3) 15. Bxd7+ $11 Kxd7 16. O-O-O Ne6 (16... Nxh4 $2 17. Bg5 Qf8 18. Bxh4 $18) (16... Nxf4 $11 17. Qxf4 Qxh4) 17. Bg3 $16 c6 (17... Nxh4 $14 18. Rdf1 Ng6) 18. Ne2 Nd4 19. Nxd4 (19. Nf1 $142) 19... Bxd4 20. Qb4 Be3+ (20... Qb6 $16 21. Qxd6+ (21. Bxd6 Nxh4 22. g3 Ng6 $15) 21... Kc8) 21. Kb1 $18 Kc7 (21... a5 $142 22. Qxb7+ (22. Qxd6+ Ke8 $18) 22... Qc7 23. Qxc7+ Kxc7) 22. Rhf1 Rh7 23. d4 Qe7 24. Rd3 a5 25. Qa3 Bh6 26. c4 ({Better is} 26. Rf5 $18 Bf8 27. Rxa5 Rxa5 28. Qxa5+ Kd7 29. Qa8 Qxe4 30. Qxb7+ Ke6 31. Rd1) 26... Bf8 $2 {[%emt 0:02:06][%mdl 8192] Loses the game.} (26... Kc8 $16) 27. c5 Qxe4 28. cxd6+ Kd7 29. Qb3 b5 (29... Rb8 $142 30. d5 (30. Rxf7+ Rxf7 31. Qxf7+ Ne7 $17) 30... a4) 30. d5 (30. Rxf7+ $2 Rxf7 31. Qxf7+ Ne7 $17 (31... Be7 32. Kc2 $11)) 30... Rc8 31. dxc6+ Rxc6 32. Qxb5 {[%emt 0:01:45] Re1 is the strong threat.} (32. Rxf7+ $2 {perishes.} Rxf7 33. Qxf7+ Ne7 $19) 32... Bh6 33. Ka1 Qb4 34. Qf5+ Kd8 35. Rb3 (35. Qxh5 $2 {is the wrong capture.} Rc1+ (35... Bc1 $2 36. Rb3 $19) 36. Rxc1 Bxc1 $19) 35... Qc4 36. Rb8+ {[%emt 0:01:57] White mates.} (36. Qxh5 $2 {is a self mate.} Qc1+ 37. Rxc1 Rxc1#) 36... Rc8 37. Qf6+ Ke8 {[%emt 0:00:25] [#]} 38. d7+ $1 Kxd7 39. Rd1+ {[%emt 0:00:02] Weighted Error Value: White=0.17 (very precise) /Black=0.69.  Loses game:     	---       	Black=1      Mistake:       	White=3     	Black=6      Inaccurate:     	White=2     	Black=1      OK:         	White=7     	Black=6      Best:        	White=6     	---        Strong:       	---       	Black=3} 1-0

[Event "Fagernes Chess GM-Swiss 2024"]
[Site "Fagernes"]
[Date "2024.03.26"]
[Round "3.26"]
[White "Fiskaaen, Martin Holten"]
[Black "Narva, Mai"]
[Result "0-1"]
[ECO "A43"]
[WhiteElo "2118"]
[BlackElo "2399"]
[Annotator "TA"]
[PlyCount "62"]
[EventDate "2024.03.25"]
[EventType "swiss"]
[EventCountry "NOR"]
[SourceTitle "playchess.com"]
[Source "ChessBase"]
[SourceQuality "1"]
[TimeControl "40/6000+30:2400+30"]

1. d4 g6 2. c4 Bg7 3. e4 d6 4. Nc3 c5 5. d5 Bxc3+ 6. bxc3 e5 7. h4 (7. Bd3 $16) 7... Qe7 (7... f5 $1 $14) 8. Bd3 (8. h5 $16) 8... Kd8 (8... f5 $1 $14) 9. Ne2 Kc7 10. Be3 (10. h5 $16) 10... f5 $11 11. Bg5 Qg7 12. Bd2 Nf6 13. Qc2 Re8 ({Vorzuziehen ist} 13... fxe4 $17 14. Bxe4 Nxe4 15. Qxe4 Bf5) 14. f3 Nbd7 15. O-O-O Nb6 16. Ng3 Rf8 17. Rdf1 Bd7 18. exf5 gxf5 19. Nxf5 Bxf5 20. Bxf5 Nxc4 21. Be6 ({Besser ist} 21. Rf2) 21... Nh5 $17 {[%emt 0:02:23][%cal Oh5g3] Weiss muss nun ...Ng3! beachten. Hervorragende Reitkunst.} ({Ein No Go ist} 21... Qxg2 $6 22. Rhg1 Qxd2+ 23. Qxd2 Nxd2 24. Rg7+ Kb8 25. Kxd2 $14) 22. Rhg1 Nxd2 23. Qxd2 Nf4 24. Bg4 e4 {[%emt 0:01:18][%cal Oe4e3] Und jetzt ...e3! wäre schön. Schwarz steht aktiver.} 25. g3 $2 {[%emt 0:01:13][%mdl 8192] [#] Danach ist Weiß chancenlos.} (25. Be6 $17) 25... e3 $1 $19 26. Qxe3 (26. Qc2 Nxd5) 26... Rae8 {[%emt 0:00:51] Schwarz steht klar auf Gewinn.} (26... Nxd5 $2 27. Qd3 Nxc3 28. Rf2 $19) 27. Qd2 Re2 (27... Ne2+ 28. Kb2 b5 (28... Nxg1 $2 29. Rxg1 b5 30. Re1 $19) 29. Rg2 $19) 28. gxf4 Rxd2 29. Kxd2 Rxf4 30. Be6 Qh6 {[%emt 0:00:24] [#] ( -> ...Rd4+)} 31. Kc2 Rxh4 {[%emt 0:00:18] Gewichteter Fehlerwert: Weiß=0.52/Schwarz=0.12 (sehr präzise) .  Verlustzug:     	Weiß=1     	---        Fehler:       	Weiß=4     	Schwarz=3     Ungenau:       	Weiß=5     	Schwarz=1     OK:         	Weiß=3     	Schwarz=10    Bester:       	Weiß=1     	Schwarz=1} ({Nicht} 31... Qxh4 32. Rg7+ Kd8 33. Rd7+ Ke8 34. Rxb7 $11) 0-1

[Event "Fagernes Chess GM-Swiss 2024"]
[Site "Fagernes"]
[Date "2024.03.26"]
[Round "3.27"]
[White "Rounaiv Rana"]
[Black "Mihajlov, Sebastian"]
[Result "0-1"]
[ECO "E32"]
[WhiteElo "2099"]
[BlackElo "2373"]
[Annotator "RC"]
[PlyCount "78"]
[EventDate "2024.03.25"]
[EventType "swiss"]
[EventCountry "NOR"]
[SourceTitle "playchess.com"]
[Source "ChessBase"]
[SourceQuality "1"]
[TimeControl "40/6000+30:2400+30"]

1. d4 Nf6 2. c4 e6 3. Nc3 Bb4 4. Qc2 h6 5. e4 c5 6. d5 exd5 7. exd5 b5 8. Be3 O-O 9. Bd3 bxc4 10. Bxc4 Bxc3+ 11. Qxc3 d6 12. Ne2 Nbd7 13. O-O Nb6 14. Qd3 Re8 15. Nc3 Ng4 16. Bf4 Qf6 17. Bb5 Qxf4 18. g3 Qf5 19. Qxf5 Bxf5 20. Bxe8 Rxe8 21. Rfe1 Kf8 22. Nb5 Nc8 23. Rxe8+ Kxe8 24. f3 Nf6 25. Rd1 Kd7 26. g4 Bh7 27. Kf2 a6 28. Nc3 Nb6 29. b3 Ne8 30. f4 Nc7 31. g5 Nb5 32. Nxb5 axb5 33. gxh6 gxh6 34. Ke3 b4 35. h4 Ke7 36. Kf3 Bf5 37. Re1+ Kf6 38. a3 c4 39. axb4 cxb3 0-1

[Event "Fagernes Chess GM-Swiss 2024"]
[Site "Fagernes"]
[Date "2024.03.26"]
[Round "3.28"]
[White "Oksendal, Martin"]
[Black "Kenneskog, Theodor"]
[Result "1/2-1/2"]
[ECO "B99"]
[WhiteElo "2086"]
[BlackElo "2358"]
[Annotator "RC"]
[PlyCount "43"]
[EventDate "2024.03.25"]
[EventType "swiss"]
[EventCountry "NOR"]
[SourceTitle "playchess.com"]
[Source "ChessBase"]
[SourceQuality "1"]
[TimeControl "40/6000+30:2400+30"]

1. e4 c5 2. Nf3 d6 3. d4 cxd4 4. Nxd4 Nf6 5. Nc3 a6 6. Bg5 e6 7. f4 Be7 8. Qf3 Qc7 9. O-O-O Nbd7 10. g4 h6 11. Bxf6 Bxf6 12. h4 Nb6 13. g5 Bxd4 14. Rxd4 Qc5 15. Qd3 hxg5 16. b4 Qc7 17. fxg5 Bd7 18. Rxd6 Nc8 19. Rd4 Nb6 20. Rd6 Nc8 21. Rd4 Nb6 22. Rd6 1/2-1/2

[Event "Fagernes Chess GM-Swiss 2024"]
[Site "Fagernes"]
[Date "2024.03.26"]
[Round "3.29"]
[White "Havik, Victor"]
[Black "Carlsson, Ludvig"]
[Result "0-1"]
[ECO "D46"]
[WhiteElo "2078"]
[BlackElo "2350"]
[Annotator "RC"]
[PlyCount "58"]
[EventDate "2024.03.25"]
[EventType "swiss"]
[EventCountry "NOR"]
[SourceTitle "playchess.com"]
[Source "ChessBase"]
[SourceQuality "1"]
[TimeControl "40/6000+30:2400+30"]

1. d4 d5 2. c4 c6 3. Nc3 Nf6 4. e3 e6 5. Nf3 Bd6 6. Bd3 O-O 7. O-O Nbd7 8. e4 dxc4 9. Bxc4 e5 10. Be3 Qe7 11. Re1 exd4 12. Bxd4 Ne5 13. Nxe5 Bxe5 14. Bxe5 Qxe5 15. h3 Be6 16. Qb3 Nh5 17. Bxe6 fxe6 18. Re3 Rf7 19. Rd1 Raf8 20. Rd2 Nf4 21. Qd1 h5 22. Rg3 Qf6 23. Rd7 Rxd7 24. Qxd7 b5 25. Qd2 Qe5 26. h4 b4 27. Nd1 Qxe4 28. Ne3 c5 29. Qd7 Ne2+ 0-1

[Event "Fagernes Chess GM-Swiss 2024"]
[Site "Fagernes"]
[Date "2024.03.26"]
[Round "3.30"]
[White "Haug, Havard"]
[Black "Sian, Shadi"]
[Result "1-0"]
[ECO "D00"]
[WhiteElo "2341"]
[BlackElo "2076"]
[Annotator "RC"]
[PlyCount "111"]
[EventDate "2024.03.25"]
[EventType "swiss"]
[EventCountry "NOR"]
[SourceTitle "playchess.com"]
[Source "ChessBase"]
[SourceQuality "1"]
[TimeControl "40/6000+30:2400+30"]

1. d4 d5 2. Nc3 c5 3. Bf4 Nf6 4. e4 dxe4 5. dxc5 Qa5 6. Qd2 Na6 7. Rd1 Bd7 8. Bxa6 Qxa6 9. Nge2 Qc4 10. b3 Qxc5 11. Nxe4 Qc6 12. Nxf6+ gxf6 13. O-O e5 14. Be3 Rg8 15. f3 Bc5 16. Ng3 Bxe3+ 17. Qxe3 Qb6 18. Qxb6 axb6 19. Ne4 Rg6 20. a4 Ke7 21. Nc3 Rc8 22. Nd5+ Ke8 23. c4 f5 24. f4 e4 25. Rd4 Rd6 26. Rfd1 Kf8 27. Kf2 Be6 28. Ne3 Rxd4 29. Rxd4 Rc6 30. Rd8+ Ke7 31. Rb8 Rc7 32. g4 fxg4 33. f5 Bc8 34. Nd5+ Kd6 35. Nxc7 Kxc7 36. Ra8 Bxf5 37. Ke3 h5 38. Re8 Bg6 39. Re7+ Kb8 40. Kf4 Ka7 41. Re8 Bh7 42. Rf8 Bg6 43. Rh8 b5 44. axb5 Kb6 45. b4 Kc7 46. c5 b6 47. Re8 h4 48. Rh8 g3 49. hxg3 hxg3 50. Kxg3 e3 51. Kf3 Bd3 52. Rh6 bxc5 53. b6+ Kb7 54. bxc5 e2 55. Kf2 Bc4 56. Rh4 1-0

[Event "Fagernes Chess GM-Swiss 2024"]
[Site "Fagernes"]
[Date "2024.03.26"]
[Round "3.31"]
[White "Makka, Ioulia"]
[Black "Vestby-Ellingsen, Mads"]
[Result "0-1"]
[ECO "C01"]
[WhiteElo "1983"]
[BlackElo "2336"]
[Annotator "RC"]
[PlyCount "104"]
[EventDate "2024.03.25"]
[EventType "swiss"]
[EventCountry "NOR"]
[SourceTitle "playchess.com"]
[Source "ChessBase"]
[SourceQuality "1"]
[TimeControl "40/6000+30:2400+30"]

1. e4 e6 2. d4 d5 3. Nc3 Bb4 4. exd5 exd5 5. Bd3 Ne7 6. Qf3 c5 7. a3 Bxc3+ 8. bxc3 c4 9. Be2 Bf5 10. Bd1 Be4 11. Qh3 Qd7 12. Qxd7+ Kxd7 13. f3 Bg6 14. Ne2 f6 15. Rb1 b6 16. h4 Nbc6 17. Bf4 Bf7 18. Kd2 Rag8 19. Nc1 g5 20. hxg5 fxg5 21. Bg3 Nf5 22. Bf2 h5 23. Na2 h4 24. Nb4 Nce7 25. Na6 Ng6 26. a4 Nf4 27. Rh2 Ng3 28. Kc1 Re8 29. a5 Kc6 30. Nb4+ Kb7 31. axb6 axb6 32. Kb2 Bg6 33. Ra1 Rh7 34. Ra4 Rhe7 35. Ra1 Re1 36. Bxe1 Rxe1 37. Nxd5 Nxd5 38. f4 Nxf4 39. Bf3+ Re4 40. Ka3 b5 41. Kb2 Kb6 42. Bxe4 Bxe4 43. Rg1 Bc6 44. Ka1 Bb7 45. Kb2 Be4 46. Kb1 Nfe2 47. Re1 Nxc3+ 48. Kb2 b4 49. Ra1 Nce2 50. Rd1 c3+ 51. Kb3 Kb5 52. d5 Nc1+ 0-1

[Event "Fagernes Chess GM-Swiss 2024"]
[Site "Fagernes"]
[Date "2024.03.26"]
[Round "3.32"]
[White "Nordahl, Helge"]
[Black "Stark, John"]
[Result "1/2-1/2"]
[ECO "A40"]
[WhiteElo "2330"]
[BlackElo "1947"]
[Annotator "RC"]
[PlyCount "61"]
[EventDate "2024.03.25"]
[EventType "swiss"]
[EventCountry "NOR"]
[SourceTitle "playchess.com"]
[Source "ChessBase"]
[SourceQuality "1"]
[TimeControl "40/6000+30:2400+30"]

1. d4 e6 2. c4 b6 3. Nc3 Bb7 4. a3 f5 5. Nf3 Nf6 6. g3 Be7 7. Bg2 Ne4 8. Qc2 Nxc3 9. Qxc3 Bf6 10. b4 O-O 11. Bb2 d6 12. O-O Qe7 13. Qb3 Nd7 14. Rac1 Kh8 15. Rfd1 Rfc8 16. e3 g6 17. Rd2 Bg7 18. Qd1 Nf6 19. Rdc2 Be4 20. Rd2 Bb7 21. Ne1 Bxg2 22. Nxg2 Ne4 23. Rd3 Kg8 24. f3 Nf6 25. Rc2 e5 26. dxe5 dxe5 27. Rcd2 Re8 28. f4 exf4 29. exf4 a5 30. Ne3 axb4 31. axb4 1/2-1/2